AoeStats
← Joey_did_it

Four Lakes

510228307Analyzed
1v1 RM · 18h ago on Sep 30, 2026· 54m 46s· 2 players
Game mode
Random Map
Map size
Tiny (2 player)
Population
200
Speed
Normal
Resources
Standard
Victory
Conquest
Starting age
Dark Age
Ending age
Imperial Age
RankedLock teamsTeams togetherTeam positionsShared explorationLock speedFull tech treeHidden civsTurbo modeCheats
Victory
Defeat
🇺🇸 Lithuanians · United States
726
+15
🇺🇸 Franks · United States
710
-32
Joey_did_it
13:31 Feudal Age
16:37 Man-at-Arms
17:08 Double-Bit Axe
19:03 Wheelbarrow
28:03 Castle Age
26:40 Stone Mining
26:43 Gold Mining
31:01 Hand Cart
30:43 Elite Skirmisher
30:44 Crossbowman
38:00 Imperial Age
37:20 Long Swordsman
37:47 Gambesons
44:59 Cavalier
50:04 Heavy Mounted Crossbowman
Rogan
11:00 Feudal Age
11:59 Double-Bit Axe
12:32 Loom
15:58 Forging
15:48 Scale Mail Armor
16:45 Scale Barding Armor
21:57 Castle Age
21:16 Gold Mining
22:15 Pikeman
23:10 Bloodlines
22:46 Fishing Lines
23:03 Light Cavalry
26:22 Wheelbarrow
27:01 Iron Casting
33:01 Imperial Age
31:24 Bow Saw
31:54 Gillnets
32:08 Husbandry
33:37 Hand Cart
33:13 Town Watch
34:09 Cavalier
35:25 Stone Mining
36:43 Chain Barding Armor
36:34 Horse Collar
36:55 Capped Ram
39:43 Two-Man Saw
39:02 Chain Mail Armor
38:26 Winged Hussar
39:31 Conscription
40:44 Stone Shaft Mining
40:59 Theocracy
40:40 Block Printing
40:51 Illumination
40:55 Elite Leitis
42:31 Hoardings
43:42 Chemistry
43:04 Ballistics
43:12 Heavy Plow
44:05 Murder Holes
46:17 Paladin
47:15 Halberdier
50:06 Squires
50:38 Tower Shields
51:23 Thumb Ring
50:40 Elite Skirmisher
Connection lost

Rejoining the realm…

Still unreachable

The connection could not be restored.

Session expired

The server has moved on; the page needs a fresh start.